 Dungeon Crawl Stone Soup version 0.26.1-11-gd32895ea62 (webtiles) character file.

Game seed: 12762413575750638253

254826 Almogavar the Slayer (level 19, -7/168 (190) HPs)
             Began as a Minotaur Berserker on Apr 21, 2021.
             Was a High Priest of Trog.
             Killed from afar by a Tzitzimitl (38 damage)
             ... with a bolt of negative energy
             ... on level 2 of the Depths on Apr 22, 2021.
             The game lasted 02:43:12 (45009 turns).

Almogavar the Slayer (Minotaur Berserker)          Turns: 45009, Time: 02:43:14

HP:   -7/168 (190)  AC: 29    Str: 30    XL:     19   Next: 3%
MP:   18/18         EV: 18    Int:  4    God:    Trog [*****.]
Gold: 2429          SH: 21    Dex: 10    Spells: 18/18 levels left

rFire    + . .     SeeInvis .   M - +7 Singing Sword {vorpal, sonic wave}
rCold    + + .     Faith    .   V - +1 kite shield {rC+}
rNeg     . . .     Spirit   .   T - +3 chain mail {rF+}
rPois    .         Reflect  +   Q - +2 hat
rElec    .         Harm     .   z - +2 cloak {rC+}
rCorr    .         Rampage  .   b - +0 pair of gloves
Will     +++..                  X - +0 pair of boots {Stlth+}
Stlth    ..........             a - amulet of reflection
HPRegen  1.38/turn              r - +4 ring of evasion
MPRegen  0.16/turn              O - +4 ring of protection

@: berserk cooldown, regenerating, slowed, heavily drained, very slow
A: retaliatory headbutt, horns 2
}: 2/15 runes: decaying, gossamer
a: Renounce Religion, Berserk, Trog's Hand, Brothers in Arms


You were on level 2 of the Depths.
You worshipped Trog.
Trog was extremely pleased with you.
You visited 7 branches of the dungeon, and saw 34 of its levels.
You visited the Abyss 1 time.
You also visited: Ossuary, Ice Cave and Volcano.

You collected 3760 gold pieces.
You spent 1331 gold pieces at shops.

Inventory:

Hand Weapons
 u - the +13 falchion "Onyqoin" {vorpal, Dex+6}
   (Trog gifted it to you on level 2 of the Swamp)

   It inflicts extra damage upon your enemies.
   It affects your dexterity (+6).
 C - a +8 scimitar of flaming
 M - the +7 Singing Sword (weapon) {vorpal, sonic wave}
   (Trog gifted it to you in an ice cave)

   It inflicts extra damage upon your enemies.
Missiles
 g - 11 boomerangs (quivered)
 W - 14 silver javelins
Armour
 b - a +0 pair of gloves (worn)
 l - +0 ice dragon scales
 m - a +0 tower shield of cold resistance
 v - a +0 plate armour
 z - a +2 cloak of cold resistance (worn)
 G - a +1 cloak of stealth
 Q - a +2 hat (worn)
 T - a +3 chain mail of fire resistance (worn)
 V - a +1 kite shield of cold resistance (worn)
 X - a +0 pair of boots of stealth (worn)
Jewellery
 a - an amulet of reflection (around neck)
 r - a +4 ring of evasion (left hand)
 t - an uncursed amulet of the acrobat
 y - an uncursed amulet of regeneration
 B - an uncursed ring of positive energy
 J - an uncursed ring of stealth
 L - an uncursed ring of poison resistance
 N - an uncursed ring of see invisible
 O - a +4 ring of protection (right hand)
 P - an uncursed ring of protection from fire
 Y - the ring of Cugaw {*Tele rElec rN+++ Int-3 SInv}
   (You found it on level 4 of the Lair of Beasts)

   [ring of teleportation]

   It may teleport you next to monsters.
   It affects your intelligence (-3).
   It insulates you from electricity.
   It renders you almost immune to negative energy.
   It lets you see invisible.
Wands
 i - a wand of iceblast (3)
 p - a wand of disintegration (33)
 E - a wand of paralysis (38)
 I - a wand of digging (16)
Scrolls
 c - 14 scrolls of identify
 e - 19 scrolls of teleportation
 f - 5 scrolls of fear
 w - 5 scrolls of fog
 x - 8 scrolls of remove curse
 R - 2 scrolls of magic mapping
 S - a scroll of summoning
 Z - a scroll of silence
Potions
 d - 9 potions of curing
 h - 5 potions of flight
 j - 4 potions of resistance
 n - 2 potions of heal wounds
 o - a potion of cancellation
 q - 7 potions of might
 A - 7 potions of haste
 D - 4 potions of ambrosia
 H - 5 potions of invisibility
Miscellaneous
 k - a box of beasts
 s - a phial of floods
 F - a lightning rod (4/4)
 K - a condenser vane


   Skills:
 + Level 21.6 Fighting
 - Level 14.0 Long Blades
 - Level 1.2 Maces & Flails
 - Level 12.5 Throwing
 - Level 15.1 Armour
 + Level 11.6 Dodging
 - Level 15.8 Shields
 * Level 10.7 Evocations


You had 18 spell levels left.
You didn't know any spells.
Your spell library was empty.

Dungeon Overview and Level Annotations

Branches:
Dungeon (15/15)            Temple (0/1) D:7            Lair (6/6) D:11
  Swamp (4/4) Lair:2       Spider (4/4) Lair:3        Slime (1/5) Lair:5
    Orc (2/2) D:12            Elf (0/3) Orc:2        Vaults (0/5) D:14
 Depths (2/5) D:15        Ossuary (visited)           IceCv (visited)
Volcano (visited)

Altars:
Ashenzari
Dithmenos
Elyvilon
Makhleb
Vehumet
The Shining One

Shops:
D:5 }*?[   D:8 }   Orc:1 *   Orc:2 ([=**

Portals:
Hell: Depths:1
Abyss: Depths:1


Innate Abilities, Weirdness & Mutations

You reflexively headbutt those who attack you in melee.
You have a pair of horns on your head.


Message History

* * * LOW HITPOINT WARNING * * *
The Tzitzimitl drains your vigour!
You feel as though you will be slow longer.
The Tzitzimitl bites you but does no damage.
You slash the Tzitzimitl!
The Screaming Sword sings a ballad about your adventures.
You send a blast of sound all around you.
The Tzitzimitl is blasted.
The Tzitzimitl is severely wounded. x2
The Tzitzimitl gestures at you. The bolt of cold hits you!! You resist.
* * * LOW HITPOINT WARNING * * *
You feel much better. You block the Tzitzimitl's attack. x2
Blink to where?
Press: ? - help, Dir - move target
As you read the scroll of blinking, it crumbles to dust.
The Tzitzimitl gestures at you.
The bolt of negative energy hits something.
The bolt of negative energy hits you!!!
You feel drained.
You die...

.''.....#
''..#..#
##.....#
#..#..#
#.1§§.#
##..#§.#
#..#..## #
#..#..#
###.###..#.@#
.''.''..#..##
§''.''§§§§.#
.##.##§§#§.#
#..#§.## #
#..#..# # ..#.
###..#§.# #
#..#§.#§.#§.##
#
#.§§§.#§§§§§#


You could see a Tzitzimitl.

Vanquished Creatures
  Mara (Swamp:3)
  Arachne (Spider:3)
  Frances (Spider:2)
  A shadow dragon (Depths:2)
  3 frost giants
  3 fenstrider witches (Swamp:4)
  The ghost of Keoguots the Thaumaturge, an adept GnSk of Makhleb (Swamp:1)
  A fire giant (Depths:2)
  2 ghost moths (Spider:4)
  6 emperor scorpions
  Louise (Swamp:4)
  2 stone giants (Depths:1)
  3 very ugly things (Depths:1)
  2 vampire knights (Depths:2)
  4 entropy weavers
  A spark wasp (shapeshifter) (Depths:2)
  4 bunyips
  A deep elf annihilator (Depths:2)
  The ghost of Quickbrownfox the Basher, a journeyman MiMo of Qazlal (Lair:2)
  A blizzard demon (Swamp:4)
  2 jiangshi (Depths:2)
  A green death (Swamp:4)
  5 ettins
  2 eleionomae
  Josephine (Lair:4)
  3 fire dragons
  2 merfolk impalers (Depths:1)
  14 hydras
  Erolcha (Orc:1)
  3 rakshasas
  3 ice dragons
  A boulder beetle (D:12)
  2 great orbs of eyes (Depths:2)
  Harold (D:10)
  4 centaur warriors
  3 ghost crabs
  8 ogre magi
  2 dancing weapons (D:14)
  3 death yaks
  10 alligators
  20 two-headed ogres
  Urug (Lair:5)
  A vampire mage (Depths:2)
  4 orc high priests (Orc:2)
  A hell knight (Volcano)
  A soul eater (Swamp:4)
  Sonja (Lair:4)
  Nergalle (Lair:1)
  The ghost of Cykl0x the Carver, a novice MiFi of the Shining One (D:7)
  3 shadow wraiths (Depths:2)
  6 goliath frogs
  2 sixfirhies (Swamp:4)
  A fire crab (shapeshifter) (D:15)
  2 glowing orange brains (Depths:1)
  A death drake (shapeshifter) (D:15)
  2 swamp dragons
  3 shadow demons (Depths:2)
  2 bog bodies (Swamp:4)
  6 spriggan druids
  A flayed ghost (Depths:1)
  A harpy (shapeshifter) (D:13)
  A lindwurm (Lair:3)
  3 wizards
  Pikel (D:6)
  5 orc knights (Orc:2)
  4 orc sorcerers
  24 wolf spiders
  13 orb spiders
  2 oklob plants (Lair:4)
  A wolf spider zombie (D:13)
  3 deep elf magi (Swamp:4)
  A will-o-the-wisp (Swamp:2)
  24 ugly things
  2 cyclopes
  An elephant (Lair:6)
  2 manticores
  A moth of wrath (Spider:4)
  A salamander (shapeshifter) (Depths:2)
  3 black mambas
  Psyche (D:11)
  An ice statue (IceCv)
  A gargoyle (D:15)
  An eye of devastation (shapeshifter) (Depths:1)
  Maggie (Lair:2)
  2 torpor snails
  A smoke demon (Volcano)
  2 molten gargoyles (Volcano)
  13 cane toads
  5 centaur skeletons
  2 efreet
  2 rime drakes
  2 tengu conjurers (Depths:1)
  12 yaktaurs
  5 komodo dragons
  A hellwing (Swamp:4)
  A queen bee (D:11)
  7 demonic crawlers
  28 jumping spiders
  24 polar bears
  A red devil (Volcano)
  20 hornets
  4 trolls
  2 bloated husks
  5 tyrant leeches
  9 blink frogs
  20 slime creatures
  24 spriggans
  53 redbacks
  4 water elementals (Depths:1)
  7 wyverns
  79 yaks
  27 tarantellas
  6 wraiths
  10 shadows
  2 fire bats (Volcano)
  A hog (shapeshifter) (D:15)
  Eustachio (D:6)
  3 basilisks
  A neqoxec (Swamp:4)
  13 vampire mosquitoes
  Grum (Lair:1)
  2 steam dragons (D:12)
  4 wargs
  Menkaure (D:6)
  2 soldier ants
  15 swamp worms
  An acid dragon (D:15)
  12 water moccasins
  3 hell hounds (Volcano)
  23 orc warriors
  3 swamp drakes
  5 ice beasts
  A sky beast (D:7)
  A hornet zombie (D:13)
  A phantom (D:4)
  15 boggarts
  3 black bears
  A necrophage (D:7)
  35 wolves
  19 ogres
  10 centaurs
  A small abomination (Abyss:2)
  Blork the orc (D:4)
  2 big kobolds
  21 bullfrogs
  An elf skeleton (D:7)
  A wyvern zombie (D:14)
  2 wyvern skeletons
  3 scorpions
  29 killer bees
  20 wights
  A howler monkey (D:4)
  6 electric eels
  2 centaur zombies
  5 lava snakes (Volcano)
  2 bullfrog zombies
  5 jellies
  31 orc wizards
  10 hounds
  Crazy Yiuf (D:6)
  21 orc priests
  A bullfrog skeleton (D:8)
  Ijyb (D:4)
  A human skeleton (D:7)
  8 iguanas
  10 hell rats
  11 worker ants
  A killer bee zombie (D:10)
  A big kobold zombie (Ossuary)
  A bullfrog simulacrum (D:7)
  A hound zombie (D:7)
  A killer bee simulacrum (D:7)
  8 mummies (Ossuary)
  A worker ant zombie (D:6)
  Robin (D:3)
  3 gnolls (D:7)
  13 adders
  A howler monkey skeleton (D:4)
  2 river rats (D:11)
  4 shadow imps
  14 white imps
  A worker ant simulacrum (D:7)
  2 ufetubi
  4 oozes
  2 adder skeletons
  6 worms
  3 dart slugs
  9 leopard geckos
  84 orcs
  A ball python (D:4)
  5 giant cockroaches
  2 gnoll zombies (Ossuary)
  16 goblins
  5 hobgoblins
  11 jackals
  9 quokkas
  10 bats
  A frilled lizard (D:3)
  11 kobolds
  3 kobold zombies (Ossuary)
  3 orc skeletons (D:7)
  3 orc zombies
  A quokka skeleton (D:4)
  A quokka zombie (D:7)
  4 rats
1272 creatures vanquished.

Vanquished Creatures (collateral kills)
  A centaur warrior (Depths:1)
  A wolf spider (Spider:3)
  A demonic crawler (Spider:3)
3 creatures vanquished.

Vanquished Creatures (others)
  A spriggan druid (Swamp:4)
  A swamp dragon (Swamp:1)
  A bloated husk (Swamp:1)
  A tyrant leech (Swamp:4)
  A spriggan (Swamp:4)
  A swamp worm (Swamp:4)
  A bullfrog (D:15)
  21 fungi
  66 plants
  2 withered plants (Swamp:1)
96 creatures vanquished.

Grand Total: 1371 creatures vanquished

Notes
Turn   | Place    | Note
-------+----------+-------------------------------------------
     0 | D:1      | Almogavar the Minotaur Berserker began the quest for the
                  | Orb.
     0 | D:1      | Reached XP level 1. HP: 19/19 MP: 0/0
   260 | D:1      | Reached skill level 4 in Fighting
   260 | D:1      | Reached XP level 2. HP: 26/27 MP: 1/1
  1091 | D:2      | Reached XP level 3. HP: 33/33 MP: 2/2
  1305 | D:3      | Noticed Robin
  1534 | D:3      | Reached ** piety under Trog
  1538 | D:3      | Killed Robin
  1690 | D:3      | Reached XP level 4. HP: 5/41 MP: 3/3
  1692 | D:3      | Reached skill level 1 in Shields
  1694 | D:3      | HP: 2/41 [quokka (1)]
  2082 | D:3      | Reached skill level 5 in Long Blades
  2214 | D:3      | Found a radiant altar of Vehumet.
  2257 | D:3      | Reached XP level 5. HP: 47/47 MP: 4/4
  2588 | D:4      | Noticed a phantom
  2751 | D:4      | Reached XP level 6. HP: 53/53 MP: 5/5
  2979 | D:4      | Reached *** piety under Trog
  2980 | D:4      | Reached skill level 5 in Fighting
  3155 | D:4      | Reached XP level 7. HP: 61/61 MP: 6/6
  3159 | D:4      | Reached skill level 5 in Armour
  3208 | D:4      | Noticed Blork the orc
  3218 | D:4      | Killed Blork the orc
  3626 | D:4      | Noticed Ijyb
  3644 | D:4      | Killed Ijyb
  4015 | D:5      | Entered Level 5 of the Dungeon
  4051 | D:5      | Noticed a wyvern
  4055 | D:5      | Killed a wyvern
  4056 | D:5      | Reached XP level 8. HP: 37/68 MP: 7/7
  4262 | D:5      | Found Bughuxko's Magic Scroll Emporium.
  4295 | D:5      | Bought a scroll of fear for 42 gold pieces
  4295 | D:5      | Bought a scroll of fog for 24 gold pieces
  4349 | D:5      | Reached **** piety under Trog
  4482 | D:5      | Found Hohur's Gadget Boutique.
  4846 | D:5      | Found Diseipta's Assorted Antiques.
  4876 | D:5      | Found Suicaj's Antique Armour Emporium.
  5325 | D:6      | Noticed Menkaure
  5335 | D:6      | Killed Menkaure
  5496 | D:6      | Reached skill level 5 in Shields
  5532 | D:6      | Noticed Pikel
  5537 | D:6      | Killed Pikel
  5538 | D:6      | Reached skill level 6 in Fighting
  5538 | D:6      | Reached skill level 10 in Long Blades
  5538 | D:6      | Reached XP level 9. HP: 75/75 MP: 8/8
  5809 | D:6      | Found a runed translucent door.
  5810 | D:6      | Noticed Crazy Yiuf
  5892 | D:6      | Noticed Eustachio
  5911 | D:6      | Killed Eustachio
  6072 | D:6      | Killed Crazy Yiuf
  6346 | D:7      | Reached skill level 5 in Dodging
  6460 | D:7      | Found a runed translucent gate.
  6461 | D:7      | Found a runed translucent gate.
  6461 | D:7      | Found a runed translucent gate.
  6602 | D:7      | Found a sand-covered staircase.
  6614 | Ossuary  | Entered an ossuary
  6724 | Ossuary  | Reached ***** piety under Trog
  7173 | D:7      | Reached skill level 1 in Throwing
  7282 | D:7      | Noticed Cykl0x's ghost (novice MiFi)
  7618 | D:7      | Found a staircase to the Ecumenical Temple.
  8040 | D:7      | Reached XP level 10. HP: 84/84 MP: 9/9
  8088 | D:7      | Killed Cykl0x's ghost
  8089 | D:7      | Reached skill level 7 in Fighting
  8362 | D:8      | Found Biubigul's Gadget Shop.
  9388 | D:9      | Reached skill level 8 in Fighting
  9480 | D:9      | Found a broken altar of Ashenzari.
  9986 | D:10     | Entered Level 10 of the Dungeon
 10058 | D:10     | Noticed Harold
 10077 | D:10     | Killed Harold
 10078 | D:10     | Reached XP level 11. HP: 94/94 MP: 10/10
 10309 | D:10     | Reached skill level 10 in Armour
 10399 | D:10     | Reached ****** piety under Trog
 10732 | D:10     | Received a gift from Trog
 11322 | D:11     | Noticed a death yak
 11348 | D:11     | Killed a death yak
 11357 | D:11     | Noticed a death yak
 11358 | D:11     | Noticed a death yak
 11360 | D:11     | Noticed Psyche
 11381 | D:11     | Killed a death yak
 11907 | D:10     | Killed a death yak
 12126 | D:11     | Reached skill level 9 in Fighting
 12251 | D:11     | Found a staircase to the Lair.
 12299 | D:11     | Reached skill level 10 in Shields
 12891 | D:11     | Killed Psyche
 13051 | D:12     | Noticed a two-headed ogre
 13061 | D:12     | Killed a two-headed ogre
 13175 | D:12     | Noticed a two-headed ogre
 13179 | D:12     | Killed a two-headed ogre
 13236 | D:12     | Noticed a boulder beetle
 13260 | D:12     | Killed a boulder beetle
 13261 | D:12     | Reached XP level 12. HP: 83/105 MP: 11/11
 13450 | D:12     | Noticed a two-headed ogre
 13508 | D:12     | Killed a two-headed ogre
 13959 | D:12     | Reached skill level 10 in Fighting
 14332 | D:12     | Found a staircase to the Orcish Mines.
 14731 | D:12     | Got an encrusted hand axe
 14732 | D:12     | Identified the +7 hand axe "Motexes" {vamp, rF- Str-5
                  | Int+8} (You found it on level 12 of the Dungeon)
 15049 | Orc:1    | Entered Level 1 of the Orcish Mines
 15061 | Orc:1    | Noticed Erolcha
 15073 | Orc:1    | Killed Erolcha
 15073 | Orc:1    | Received a gift from Trog
 15491 | Orc:1    | Noticed an ettin
 15505 | Orc:1    | Killed an ettin
 15846 | Orc:2    | Entered Level 2 of the Orcish Mines
 15846 | Orc:2    | Found Vudoclih's Antique Weapon Boutique.
 16028 | Orc:2    | Found a burning altar of Makhleb.
 16174 | Orc:1    | You fall into a shaft and drop 1 floor!
 16412 | Orc:1    | Found Keoggenwe's Assorted Antiques.
 16556 | Orc:2    | Received a gift from Trog
 16671 | Orc:2    | Noticed an orc high priest
 16689 | Orc:2    | Killed an orc high priest
 17016 | Orc:2    | Found a staircase to the Elven Halls.
 17145 | Orc:2    | Reached XP level 13. HP: 114/115 MP: 12/12
 17179 | Orc:2    | Reached skill level 11 in Fighting
 17409 | Orc:2    | HP: 5/116 [orc warrior/+0 battleaxe (14)]
 18043 | Orc:2    | Paralysed by an orc sorcerer for 6 turns
 18056 | Orc:2    | Paralysed by an orc sorcerer for 4 turns
 18897 | Orc:2    | Found Wodiot's Jewellery Shop.
 18897 | Orc:2    | Found Muiriz's Antique Armour Emporium.
 18942 | Orc:2    | Found Ponet's Assorted Antiques.
 18942 | Orc:2    | Found Kiwup's Assorted Antiques.
 18950 | Orc:2    | Bought a scroll of blinking for 172 gold pieces
 18951 | Orc:2    | Bought a lightning rod (4/4) for 750 gold pieces
 19198 | Lair:1   | Entered Level 1 of the Lair of Beasts
 19216 | Lair:1   | Noticed Grum
 19225 | Lair:1   | Reached skill level 5 in Throwing
 19229 | Lair:1   | Killed Grum
 19421 | Lair:1   | Noticed Nergalle
 19445 | Lair:1   | Killed Nergalle
 20146 | Lair:2   | Noticed Maggie
 20157 | Lair:2   | Killed Maggie
 20523 | Lair:2   | Found a large runed translucent door.
 20523 | Lair:2   | Found a large runed translucent door.
 20589 | Lair:2   | Noticed Quickbrownfox's ghost (journeyman MiMo)
 20614 | Lair:2   | Killed Quickbrownfox's ghost
 20615 | Lair:2   | Reached skill level 1 in Maces & Flails
 20957 | Lair:2   | Found a staircase to the Swamp.
 21176 | Lair:3   | Found a dark tunnel.
 21231 | Volcano  | Entered a volcano
 21491 | Volcano  | Received a gift from Trog
 21734 | Volcano  | Found a radiant altar of Vehumet.
 21802 | Volcano  | Reached skill level 12 in Fighting
 22738 | Lair:3   | Found a hole to the Spider Nest.
 22874 | Lair:3   | Reached XP level 14. HP: 122/126 MP: 13/13
 23680 | Lair:4   | Got a wavering ivory ring
 23682 | Lair:4   | Identified the ring of Cugaw {*Tele rElec rN+++ Int-3 SInv}
                  | (You found it on level 4 of the Lair of Beasts)
 23708 | Lair:4   | Noticed Sonja
 23723 | Lair:4   | Killed Sonja
 23797 | Lair:4   | Noticed Josephine
 23810 | Lair:4   | Killed Josephine
 24694 | Lair:5   | Received a gift from Trog
 24780 | Lair:5   | Reached skill level 15 in Shields
 24784 | Lair:5   | You fall into a shaft and drop 1 floor!
 24784 | Lair:6   | Entered Level 6 of the Lair of Beasts
 24784 | Lair:6   | Found a frozen archway.
 24812 | IceCv    | Entered an ice cave
 25772 | IceCv    | Noticed a frost giant
 25795 | IceCv    | Killed a frost giant
 25796 | IceCv    | Reached skill level 13 in Fighting
 25797 | IceCv    | Received a gift from Trog
 25798 | IceCv    | Found the +7 Singing Sword {vorpal, sonic wave}
 26262 | Lair:5   | Noticed Urug
 26270 | Lair:5   | Killed Urug
 26399 | Lair:5   | Found a staircase to the Slime Pits.
 26783 | Lair:6   | Reached skill level 1 in Evocations
 27195 | Lair:6   | Reached XP level 15. HP: 109/137 MP: 14/14
 27449 | Lair:6   | Reached skill level 14 in Fighting
 28438 | D:13     | Identified the +1 leather armour "Jofuann" {Harm rC+}
 28618 | D:13     | Received a gift from Trog
 28624 | D:13     | Reached skill level 15 in Armour
 29751 | D:14     | Reached skill level 15 in Fighting
 29754 | D:14     | Found a gate to the Vaults.
 30398 | D:14     | Found a shadowy altar of Dithmenos.
 30448 | D:14     | You fall into a shaft and drop 1 floor!
 30448 | D:15     | Entered Level 15 of the Dungeon
 30561 | D:15     | Received a gift from Trog
 30860 | D:15     | Found a staircase to the Depths.
 31048 | D:15     | Reached skill level 5 in Evocations
 31610 | D:15     | Found a white marble altar of Elyvilon.
 32248 | Swamp:1  | Entered Level 1 of the Swamp
 32723 | Swamp:1  | Reached skill level 16 in Fighting
 32851 | Swamp:1  | Reached XP level 16. HP: 103/151 MP: 15/15
 33375 | Swamp:1  | Found a runed translucent door.
 33375 | Swamp:1  | Noticed Keoguots's ghost (adept GnSk)
 33389 | Swamp:1  | Killed Keoguots's ghost
 33719 | Swamp:2  | Received a gift from Trog
 33724 | Swamp:2  | Got a masterwork falchion {god gift}
 33903 | Swamp:2  | Identified the cursed +0 shortbow "Grim" {flame, rPois rC+}
 34266 | Swamp:2  | Identified the +13 falchion "Onyqoin" {vorpal, Dex+6} (Trog
                  | gifted it to you on level 2 of the Swamp)
 34608 | Swamp:3  | Noticed Louise
 34614 | Swamp:3  | Cast into level 2 of the Abyss (Louise)
 34645 | Swamp:3  | Escaped the Abyss
 34719 | Swamp:3  | Reached skill level 17 in Fighting
 34783 | Swamp:3  | Noticed Mara
 34788 | Swamp:3  | Noticed Almogavar's illusion
 34806 | Swamp:3  | Killed Mara
 34998 | Swamp:4  | Entered Level 4 of the Swamp
 35005 | Swamp:4  | Reached skill level 10 in Throwing
 35056 | Swamp:4  | HP: 5/155 [soul eater/drain life (15)]
 35801 | Swamp:4  | Received a gift from Trog
 36112 | Swamp:4  | Got a decaying rune of Zot
 36201 | Swamp:4  | Reached XP level 17. HP: 162/162 MP: 16/16
 36234 | Swamp:4  | Killed Louise
 36994 | Spider:1 | Entered Level 1 of the Spider Nest
 37391 | Spider:1 | Received a gift from Trog
 38131 | Spider:2 | Noticed Frances
 38141 | Spider:2 | Killed Frances
 38276 | Spider:2 | Reached skill level 18 in Fighting
 38409 | Spider:3 | Noticed Arachne
 38411 | Spider:3 | Reached skill level 10 in Dodging
 38440 | Spider:3 | Killed Arachne
 38898 | Spider:3 | Found a transporter.
 39043 | Spider:3 | Noticed a Tzitzimitl
 39335 | Spider:4 | Entered Level 4 of the Spider Nest
 39378 | Spider:4 | Received a gift from Trog
 39763 | Spider:4 | Reached skill level 19 in Fighting
 39897 | Spider:4 | Received a gift from Trog
 40046 | Spider:4 | Reached XP level 18. HP: 100/176 MP: 5/17
 40210 | Spider:4 | Got a gossamer rune of Zot
 41249 | Orc:2    | Bought a potion of might for 100 gold pieces
 41338 | Orc:1    | Bought a thick fluorescent amulet for 135 gold pieces
 41338 | Orc:1    | Bought a potion of might for 108 gold pieces
 41899 | Slime:1  | Entered Level 1 of the Pits of Slime
 42134 | Depths:1 | Entered Level 1 of the Depths
 42557 | Depths:1 | Reached skill level 20 in Fighting
 42598 | Depths:1 | Received a gift from Trog
 42617 | Depths:1 | Reached skill level 10 in Evocations
 43100 | Depths:1 | Found a one-way gate to the infinite horrors of the Abyss.
 43606 | Depths:1 | Found a glowing golden altar of the Shining One.
 43618 | Depths:1 | Found a gateway to Hell.
 44091 | Depths:2 | Reached skill level 21 in Fighting
 44298 | Depths:2 | Received a gift from Trog
 44483 | Depths:2 | Paralysed by a vampire knight for 2 turns
 44968 | Depths:2 | Reached XP level 19. HP: 186/190 MP: 18/18
 44995 | Depths:2 | Noticed a Tzitzimitl
 45007 | Depths:2 | HP: 7/179 [Tzitzimitl/bolt of cold (23)]
 45009 | Depths:2 | Killed from afar by a Tzitzimitl

Illustrated notes

Levels and vault maps discovered:
D:1:      minmay_arrival_solitary_statue, layout_basic
D:2:      layout_rooms
D:3:      layout_loops_cross, lemuel_crystal_altar, uniq_robin
D:4:      layout_layer_cave, minmay_starry_boxes, uniq_ijyb, uniq_blork_the_orc
D:5:      layout_loops_ring, serial_shops, nicolae_shop_behind_doors,
          kennysheep_mini, nicolae_shop_temple_entry_statues_fountains,
          nicolae_shop_trees
D:6:      layout_gridville, uniq_crazy_yiuf_cottage, uniq_eustachio, uniq_pikel,
          uniq_menkaure
D:7:      layout_loops_ring, minmay_temple_entry_nine_rooms,
          gammafunk_ghost_icy, nicolae_ossuary_entry_catacombs,
          minmay_fractal_squares_gapless_5
D:8:      layout_cave_pools, serial_shops, nicolae_shop_stone
D:9:      layout_big_octagon, st_stairs_3, ashenzari_altar_1
D:10:     layout_basic, uniq_harold
D:11:     layout_basic, dpeg_lair_monsters, special_room [special_room_bee],
          uniq_psyche
D:12:     layout_gridville, orc_0_dummy, moated_statue, evilmike_butchery
D:13:     layout_basic, corexii_leaking_fountain, minmay_misc_feat_roman,
          st_stairs_13, grunt_ministairs_4
D:14:     layout_loops_ring, erik_vaults_1, grunt_dithmenos_shadows
D:15:     gammafunk_enter_depths_forms, layout_basic, minmay_misc_feat_chi,
          basic_altar
Lair:1:   layout_loops_ring, special_room, st_stairs_3, serial_bayou_shore_b,
          uniq_nergalle, uniq_grum
Lair:2:   layout_chaotic_city, minmay_swamp_entry_eels,
          ebering_ghost_disaster_area, grunt_megastairs_4, serial_bayou_shore_b,
          uniq_maggie
Lair:3:   layout_loops_ring, nicolae_spider_entry_orb_guardian,
          nicolae_volcano_entry_vermiform
Lair:4:   layout_gridlike, infiniplex_staircase_pool, minmay_lair_oklob_chamber,
          uniq_sonja, uniq_josephine
Lair:5:   layout_regular_city, nicolae_slime_entry_slimehenge,
          grunt_megastairs_1, uniq_urug
Lair:6:   minmay_lair_end_enchanted_forest, layout_concentric_octagons,
          portal_ice_cave_entry_imps, st_stairs_9, infiniplex_staircase_pool_2
Swamp:1:  layout_falls_marsh, gammafunk_ghost_grave, hangedman_swamp_diagram
Swamp:2:  layout_basic_swamp, wheals_swamp_sinkhole
Swamp:3:  layout_basic_swamp, evilmike_swamp_ruin_house_3, uniq_mara,
          uniq_louise
Swamp:4:  nzn_swamp_witches_coven, layout_basic_swamp, swamp_pool1, uniq_donald
Spider:1: layout_spider_delve, drop_trap
Spider:2: layout_spider_delve, uniq_frances
Spider:3: gammafunk_its_a_trap, uniq_arachne
Spider:4: grunt_spider_rune_circles, nicolae_arachne_temple
Slime:1:  layout_caves, cheibrodos_slime_lost_civilization_4
Orc:1:    layout_diamond_mine, serial_shops, shop_statue, uniq_erolcha
Orc:2:    grunt_orc_tribal_feast, layout_caves, serial_shops, shop, basic_altar,
          mines_bat_river
Depths:1: layout_basic, tso_metal_star, hell_entry, abyss_entry,
          glass_columns_b, serial_bayou_ford_a, kennysheep_opposing_triangles,
          serial_bayou_shore_b
Depths:2: regret_index_dithmenos_brocken_genspenst, layout_honeycomb,
          hell_entry, infiniplex_staircase_hallway_doors

Skill      XL: |  1  2  3  4  5  6  7  8  9 10 11 12 13 14 15 16 17 18 |
---------------+-------------------------------------------------------+-----
Fighting       | 4 5 6 8 9 10 12 13 16 17 19 21 | 21.6
Long Blades    | 4 5 6 8 10 11 12 13 14 | 14.0
Armour         | 3 4 5 6 8 9 10 12 13 14 15 | 15.1
Shields        | 1 2 3 5 7 8 10 12 14 15 | 15.8
Dodging        | 3 4 5 6 7 8 9 10 11 | 11.6
Throwing       | 1 2 4 5 6 8 11 12 | 12.5
Maces & Flails | 1 |  1.2
Evocations     | 3 5 7 9 10 | 10.7

Action                   |  1- 3 |  4- 6 |  7- 9 | 10-12 | 13-15 | 16-18 | 19-21 || total
-------------------------+-------+-------+-------+-------+-------+-------+-------++-------
Melee: Falchion          |    55 |   116 |   406 |   981 |   897 |   144 |       ||  2599
       Headbutt          |    11 |    27 |    89 |   247 |   335 |   232 |     2 ||   943
       Scimitar          |       |       |       |       |    27 |    51 |       ||    78
       Dire flail        |       |       |       |       |     3 |       |       ||     3
       Double sword      |       |       |       |       |   449 |   710 |    14 ||  1173
Throw: Boomerang         |       |       |    18 |    52 |   102 |   182 |       ||   354
Invok: Berserk           |     3 |     2 |     7 |    13 |     7 |     2 |     1 ||    35
       Trog's Hand       |       |       |     2 |     3 |     4 |    10 |     1 ||    20
       Brothers in Arms  |       |       |       |       |       |     1 |       ||     1
Evoke: Lightning rod     |       |       |       |       |     3 |     3 |       ||     6
       Wand              |       |       |       |       |     5 |     6 |       ||    11
  Use: Scroll            |     2 |     1 |    10 |    18 |    13 |    18 |     1 ||    63
       Potion            |       |       |       |     1 |     2 |     8 |     1 ||    12
 Stab: Distracted        |       |       |       |       |       |     1 |       ||     1
       Held in net/web   |       |       |       |       |       |     2 |       ||     2
Armor: Animal skin       |     1 |       |       |       |       |       |       ||     1
       Ring mail         |    23 |    25 |    25 |       |       |       |       ||    73
       Chain mail        |       |       |    89 |   264 |   386 |   464 |     6 ||  1209
Dodge: Dodged            |    33 |    54 |   129 |   305 |   649 |   427 |     3 ||  1600
Block: Kite shield       |    36 |    34 |   162 |   456 |   884 |   726 |    10 ||  2308
       Reflection        |       |       |       |       |       |     9 |     1 ||    10
       Rpst.: Falchion   |    10 |    12 |    32 |    80 |    83 |     9 |       ||   226
       Double sword      |       |       |       |       |    33 |    66 |     1 ||   100
       Scimitar          |       |       |       |       |     3 |     3 |       ||     6
